 Dungeon Crawl Stone Soup version 0.26-a0-540-g8a0c9464d7 (webtiles) character file.

Game seed: 12475156524112812719

1071 HoaS the Grappler (level 8, -3/44 HPs)
             Began as a Gargoyle Gladiator on Aug 24, 2020.
             Was a Follower of Makhleb.
             Slain by Menkaure (18 damage)
             ... on level 5 of the Dungeon.
             The game lasted 00:11:49 (4942 turns).

HoaS the Grappler (Gargoyle Gladiator)              Turns: 4942, Time: 00:11:50

Health: -3/44      AC: 14    Str: 19    XL:     8   Next: 28%
Magic:  8/8        EV: 11    Int: 10    God:    Makhleb [*.....]
Gold:   255        SH:  0    Dex: 11    Spells: 7/7 levels left

rFire    . . .     SeeInvis .     - Unarmed
rCold    . . .     Faith    .   (no shield)
rNeg     + . .     Spirit   .   j - +0 scale mail
rPois    ∞         Reflect  .   b - +0 helmet
rElec    +         Harm     .   (no cloak)
rCorr    .                      (no gloves)
MR       .....                  d - +1 pair of boots
Stlth    ..........             (no amulet)
HPRegen  0.14/turn              (no ring)
MPRegen  0.11/turn              (no ring)

@: no status effects
A: negative energy resistance 1, electricity resistance, unbreathing,
petrification resistance, rot immunity, AC +5
a: Renounce Religion


You were on level 5 of the Dungeon.
You worshipped Makhleb.
Makhleb was aware of your devotion.
You visited 1 branch of the dungeon, and saw 5 of its levels.

You collected 255 gold pieces.

Inventory:

Missiles
 f - 8 boomerangs
 h - 8 curare-tipped darts
 k - 12 poisoned darts (quivered)
Armour
 b - a +0 helmet (worn)
 d - a +1 pair of boots (worn)
 j - a +0 scale mail (worn)
Wands
 q - a wand of iceblast (7)
Scrolls
 a - 2 scrolls of remove curse
 g - 6 scrolls of identify
 i - 3 scrolls of teleportation
 n - 2 scrolls of magic mapping
 o - a scroll of blinking
 r - a scroll of enchant armour
 s - a scroll of fog
Potions
 c - a potion of flight
 e - a potion of heal wounds
 l - 2 potions of haste
 m - a potion of mutation
 p - a potion of cancellation


   Skills:
 - Level 2.1 Fighting
 - Level 1.7 Throwing
 + Level 5.1 Dodging
 * Level 8.3 Unarmed Combat


You had 7 spell levels left.
You didn't know any spells.
Your spell library was empty.

Dungeon Overview and Level Annotations

Branches:
Dungeon (5/15)             Temple (0/1) D:5

Altars:
Hepliaklqana
Makhleb
Trog
Yredelemnul
Zin

Shops:
D:4 *![([

Annotations:
D:5 Menkaure


Innate Abilities, Weirdness & Mutations

You are resistant to torment.
Your stone body is resilient. (AC +5)
You are immune to poison.
You resist negative energy. (rN+)
You are resistant to electric shocks. (rElec)
You can survive without breathing.
You are immune to petrification.
You are immune to rotting.


Message History

Menkaure shouts!
Menkaure mumbles some strange words.
Menkaure seems to speed up.
Menkaure hits you!
You hit Menkaure but do no damage. Menkaure hits you but does no damage.
You hit Menkaure.
Menkaure is lightly damaged.
Menkaure hits you.
You barely miss Menkaure.
Menkaure is lightly damaged.
Menkaure hits you!
A hound zombie comes into view.
You punch Menkaure!
Menkaure is heavily damaged.
Menkaure hits you but does no damage.
You punch Menkaure!
Menkaure is almost destroyed.
Menkaure shouts, "The curse of the Pharaohs be upon you!"
Menkaure hits you!!
You die...

. #>.# #.#.#### #..#
#......# #..# #.#.##.#
#..#####.#.##.#
#........#.##.####
###.###.####.......#######
(.#.# #.# ####...........
<...###.# ######.####...
........# #.ZM@.......#
#.####### #.####.####.#
#.# #. #.# #.# #. #[# #.#
#. #.. #.# #M #.. #.# #.
##.# #.. .. .#


You could see Menkaure (fast) and a hound zombie.

Vanquished Creatures
  Eustachio (D:5)
  2 ogres
  An orc warrior (D:3)
  A phantom (D:4)
  A gnoll sergeant (D:4)
  An orc wizard (D:3)
  2 hounds (D:3)
  A jelly (D:5)
  An orc priest (D:3)
  A centaur skeleton (D:5)
  Ijyb (D:5)
  2 worker ants (D:4)
  A worker ant zombie (D:2)
  6 gnolls
  7 adders
  2 ufetubi
  A worm (D:3)
  5 dart slugs
  2 leopard geckos
  18 orcs (D:3)
  A ball python (D:2)
  5 giant cockroaches
  8 goblins
  12 hobgoblins
  9 jackals
  3 quokkas
  8 bats
  3 frilled lizards
  9 kobolds
  A quokka zombie (D:5)
  5 rats
121 creatures vanquished.

Notes
Turn   | Place    | Note
-------+----------+-------------------------------------------
     0 | D:1      | HoaS the Gargoyle Gladiator began the quest for the Orb.
     0 | D:1      | Reached XP level 1. HP: 12/12 MP: 1/1
   100 | D:1      | Reached XP level 2. HP: 16/17 MP: 2/2
   369 | D:1      | Reached XP level 3. HP: 21/21 MP: 3/3
   589 | D:2      | You fall into a shaft and drop 1 floor!
   628 | D:2      | Reached skill level 4 in Unarmed Combat
   663 | D:2      | Found a burning altar of Makhleb.
   711 | D:2      | Found a bloodstained altar of Trog.
   763 | D:2      | Reached XP level 4. HP: 26/26 MP: 4/4
  1257 | D:2      | Found a basalt altar of Yredelemnul.
  1344 | D:2      | Reached XP level 5. HP: 23/30 MP: 5/5
  1716 | D:3      | Reached skill level 5 in Unarmed Combat
  1839 | D:3      | Noticed an orc warrior
  1877 | D:3      | Killed an orc warrior
  1877 | D:3      | Reached XP level 6. HP: 7/35 MP: 6/6
  2339 | D:2      | Became a worshipper of Makhleb the Destroyer
  2374 | D:3      | Found a hazy altar of Hepliaklqana.
  2523 | D:3      | Reached skill level 6 in Unarmed Combat
  2736 | D:4      | Found Ziwale's Weapon Shop.
  2745 | D:4      | Found Amuazex's Antique Armour Shop.
  2973 | D:3      | Reached XP level 7. HP: 7/40 MP: 7/7
  3348 | D:4      | Found Daganof's Distillery.
  3420 | D:4      | Reached skill level 7 in Unarmed Combat
  3714 | D:4      | Found Ipuptoke's Assorted Antiques.
  3775 | D:4      | Found Hetefiakh's Antique Armour Shop.
  4200 | D:4      | Found a glowing silver altar of Zin.
  4201 | D:4      | Noticed an angel
  4341 | D:5      | Entered Level 5 of the Dungeon
  4351 | D:5      | Reached * piety under Makhleb
  4351 | D:5      | Reached XP level 8. HP: 30/44 MP: 8/8
  4630 | D:5      | Found a staircase to the Ecumenical Temple.
  4757 | D:5      | Noticed Eustachio
  4782 | D:5      | Killed Eustachio
  4782 | D:5      | Reached skill level 5 in Dodging
  4782 | D:5      | Reached skill level 8 in Unarmed Combat
  4844 | D:5      | Noticed Ijyb
  4850 | D:5      | Killed Ijyb
  4931 | D:5      | Noticed Menkaure
  4942 | D:5      | Slain by Menkaure

Illustrated notes

Levels and vault maps discovered:
D:1:      dpeg_arrival_simpleton_b, layout_basic, minmay_pentomino_q4
D:2:      layout_basic, nicolae_overflow_hidden_temple,
          nicolae_overflow_crystal_walls, overflow_temple_1_default,
          serial_glass, glass_columns_a, glass_columns_a, glass_columns_b,
          glass_columns_a, glass_columns_a, glass_columns_a, glass_columns_b,
          glass_columns_a, glass_columns_b, glass_columns_a, glass_columns_b,
          glass_columns_b, glass_columns_b, glass_columns_b
D:3:      layout_loops_ring, lemuel_coloured_pillars_altar
D:4:      layout_cave_pools, zin_angel, serial_shops, shop,
          nicolae_shop_crystal, nicolae_shop_overgrown_old_shop, shop_statue,
          shop, minmay_misc_feat_encased, lightli_minifort
D:5:      layout_loops_ring, gammafunk_temple_overflow_elements,
          minmay_temple_entry_tees, uniq_eustachio, uniq_menkaure, uniq_ijyb

Skill      XL: |  1  2  3  4  5  6  7  8 |
---------------+-------------------------+-----
Unarmed Combat | 4 5 6 7 8 |  8.3
Dodging        | 3 4 5 |  5.1
Fighting       | |  2.1
Throwing       | |  1.7

Action                   |  1- 3 |  4- 6 |  7- 9 || total
-------------------------+-------+-------+-------++-------
Melee: Unarmed           |   117 |   304 |   194 ||   615
       Punch             |     2 |     1 |     4 ||     7
Throw: Throwing net      |       |     3 |       ||     3
       Dart              |       |       |     4 ||     4
  Use: Scroll            |       |     9 |     6 ||    15
       Potion            |       |     1 |     1 ||     2
 Stab: Sleeping          |     1 |       |       ||     1
       Held in net/web   |       |     2 |       ||     2
Armor: Leather armour    |    42 |       |       ||    42
       Scale mail        |    11 |   141 |   101 ||   253
Dodge: Dodged            |    63 |   175 |   113 ||   351

Table legend: (Time is in decaauts)
 A = Elapsed time spent in this place.
 B = Non-inter-level travel time spent in this place.
 C = Inter-level travel time spent in this place.
 D = Time resting spent in this place.
 E = Time spent auto-exploring this place.
 F = Levels seen in this place.
 G = Mean time per level.
                   A        B        C        D        E       F      G
               +--------+--------+--------+--------+--------+-----+--------+
         Total |   4865 |   4702 |    163 |   1485 |   2101 |   5 |  973.0 |
       Dungeon |   4865 |   4702 |    163 |   1485 |   2101 |   5 |  973.0 |
               +--------+--------+--------+--------+--------+-----+--------+

Top non-repeatable levels by time:
     D:3: 1627 daAuts
     D:4: 1283 daAuts
     D:2: 1074 daAuts
     D:1: 541 daAuts
     D:5: 339 daAuts
